 Seeded DCSS version 0.29.1-15-g9cfb28693d (webtiles) character file.

Game seed: 13751737553268538491 (custom seed)

7235 Psyclone the Eclecticist (level 10, -3/50 HPs)
             Began as a Deep Elf Conjurer on Sept 24, 2023.
             Was an Initiate of Ashenzari.
             Slain by a centaur warrior (7 damage)
             ... on level 10 of the Dungeon.
             The game lasted 00:43:28 (11989 turns).

Psyclone the Eclecticist (Deep Elf Conjurer)       Turns: 11989, Time: 00:43:28

Health: -3/50      AC:  8    Str:  4    XL:     10   Next: 88%
Magic:  24/31      EV: 12    Int: 32    God:    Ashenzari [......]
Gold:   460        SH:  0    Dex: 13    Spells: 32/39 levels left

rFire   . . .      SeeInvis .   F - +2 falchion of Change {holy, +Blink}
rCold   . . .      Faith    .   (no shield)
rNeg    . . .      Spirit   .   d - +1 robe "Gnostic Doubts" {rPois Will++ Int+4 Archmagi, Elem, Bglg} (curse)
rPois   +          Reflect  .   (no helmet)
rElec   .          Harm     .   t - +0 cloak {rCorr}
rCorr   +          Rampage  .   M - +2 pair of gloves
Will    ++++.      Archmagi +   f - +0 pair of boots of Deim {Will+}
Stlth   ++........              N - amulet of the acrobat
HPRegen 0.16/turn               q - ring of poison resistance
MPRegen 0.22/turn               l - +4 ring of slaying

@: studying Maces & Flails
A: no striking features
a: Renounce Religion, Evoke Blink, Curse Item, Shatter the Chains


You were on level 10 of the Dungeon.
You worshipped Ashenzari.
Ashenzari was noncommittal.
You visited 2 branches of the dungeon, and saw 11 of its levels.
You also visited: Sewer.

You collected 460 gold pieces.

Inventory:

Hand Weapons
 a - a +0 dagger
 v - a +1 dagger of pain
 F - the +2 falchion of Change (weapon) {holy, +Blink}
   (You found it on level 6 of the Dungeon)

   It has been blessed by the Shining One to cause great damage to the undead
   and demons.
   +Blink:    It lets you blink.
Missiles
 z - 5 curare-tipped darts (quivered)
 A - 2 throwing nets {!f}
Armour
 d - the cursed +1 robe "Gnostic Doubts" (worn) {rPois Will++ Int+4 Archmagi, Elem, Bglg}
   (You found it on level 2 of the Dungeon)

   Int:       It affects your intelligence (+4).
   rPois:     It protects you from poison.
   Archmagi:  It increases the power of your magical spells.
   Will:      It greatly increases your willpower.
   It has a curse which improves the following skills: Elements: Fire Magic, Ice
   Magic, Air Magic and Earth Magic.
   Beguiling: Conjurations, Hexes and Translocations.
 f - the +0 pair of boots of Deim (worn) {Will+}
   (You found it on level 2 of the Dungeon)

   Will:      It increases your willpower.
 t - a +0 cloak of preservation (worn)
 y - a scarf of resistance
 M - a +2 pair of gloves (worn)
Jewellery
 j - a ring of fire
 l - a +4 ring of slaying (right hand)
 n - a ring of resist corrosion
 q - a ring of poison resistance (left hand)
 B - an amulet of guardian spirit
 I - a ring of flight
 N - an amulet of the acrobat (around neck)
Wands
 s - a wand of light (8)
 x - a wand of flame (21)
 C - a wand of mindburst (11)
 H - a wand of charming (14)
Scrolls
 c - a scroll of vulnerability
 h - 4 scrolls of teleportation
 k - 5 scrolls of enchant weapon
 o - 3 scrolls of fear
 r - 2 scrolls of immolation
 u - 2 scrolls of noise
 D - a scroll of amnesia
 E - a scroll of poison
 J - a scroll of brand weapon
 K - 4 scrolls of identify {@r1}
 L - a scroll of silence {!r}
 O - a scroll of butterflies
Potions
 b - 2 potions of magic
 e - 4 potions of curing
 g - 3 potions of brilliance
 i - a potion of resistance
 m - 2 potions of cancellation
 p - 2 potions of heal wounds
 w - a potion of haste
 G - 3 potions of flight
 P - a potion of degeneration


   Skills:
 - Level 2.4 Dodging
 - Level 2.4 Stealth
 + Level 15.2 Spellcasting
 + Level 13.3(13.7) Conjurations
 - Level 4.0(4.3) Hexes


You had 32 spell levels left.
You knew the following spells:

 Your Spells              Type           Power      Damage    Failure   Level
a - Magic Dart            Conj           100%       1d8       0%          1
b - Searing Ray           Conj           100%       2d8       0%          2
d - Fulminant Prism       Conj/Hex       44%        3d20      1%          4

Your spell library contained the following spells:

 Spells                   Type           Power      Damage    Failure   Level
 Beastly Appendage        Tmut           72%        N/A       1%          1
 Slow                     Hex            100%       N/A       1%          1
 Confusing Touch          Hex            68%        N/A       1%          3
 Dazzling Flash           Conj/Hex       100%       N/A       1%          3
 Stone Arrow              Conj/Erth      100%       3d13      1%          3
 Iskenderun's Mystic Bla  Conj/Tloc      80%        2d16      1%          4
 Wereblood                Tmut           36%        N/A       2%          2
 Lightning Bolt           Conj/Air       40%        1d59      3%          5
 Gell's Gravitas          Tloc           36%        N/A       5%          3
 Lesser Beckoning         Tloc           36%        N/A       5%          3
 Spider Form              Tmut/Pois      36%        N/A       5%          3
 Teleport Other           Tloc           36%        N/A       5%          3
 Vampiric Draining        Necr           36%        2d8       5%          3
 Airstrike                Air            18%        2d(3-19)  17%         4
 Animate Armour           Summ/Erth      72%        N/A       19%         4
 Corpse Rot               Necr/Pois/Air  36%        N/A       19%         4
 Dispel Undead            Necr           36%        3d15      19%         4
 Summon Ice Beast         Ice/Summ       36%        N/A       19%         4
 Summon Lightning Spire   Summ/Air       36%        N/A       19%         4
 Summon Mana Viper        Hex/Summ       55%        N/A       21%         5
 Summon Forest            Summ/Tloc      18%        N/A       45%         5
 Death Channel            Necr           18%        N/A       95%         6
 Summon Cactus Giant      Summ           18%        N/A       95%         6
 Monstrous Menagerie      Summ           18%        N/A       100%        7
 Lehudib's Crystal Spear  Conj/Erth      40%        10d10     100%        8


Dungeon Overview and Level Annotations

Branches:
Dungeon (10/15) Zot: 26020  Temple (1/1) D:5 Zot: 5799   Sewer (visited)
   Lair: D:8-11         Orc: D:9-12

Altars:
Ashenzari
Cheibriados
Dithmenos
Elyvilon
Fedhas
Gozag
Hepliaklqana
Kikubaaqudgha
Makhleb
Nemelex Xobeh
Okawaru
Qazlal
Ru
Trog
Uskayaw
Vehumet
Wu Jian
Xom
Yredelemnul
Zin
The Shining One

Shops:
D:4 *


Message History

The centaur warrior unwields a +0 shortbow.
The centaur warrior completely misses you.
The centaur warrior closely misses you.
Casting: Magic Dart (safe; 0% risk of failure)
Confirm with . or Enter, or press ? or * to list all spells.
Aiming: Searing Ray (safe; 0% risk of failure)
Press: ? - help, Shift-Dir - straight line, f - centaur warrior
Aim: a centaur warrior (87% to hit)
You feel a surge of power!
The searing ray hits the centaur warrior!
The centaur warrior is lightly wounded. (Press . to maintain the ray.)
The centaur warrior closely misses you.
The centaur warrior kicks you but does no damage.
The centaur warrior hits you.
* * * LOW HITPOINT WARNING * * *
The centaur warrior barely misses you.
You take 3 damage, and have 9/50 hp.
You now have 29/31 mp.
The searing ray hits the centaur warrior but does no damage.
The centaur warrior is lightly wounded.
The centaur warrior hits you.
* * * LOW HITPOINT WARNING * * *
The centaur warrior completely misses you.
You take 6 damage, and have 3/50 hp.
You now have 28/31 mp.
You feel much better. The centaur warrior hits you.
* * * LOW HITPOINT WARNING * * *
The centaur warrior kicks you but does no damage.
The centaur warrior hits you!
* * * LOW HITPOINT WARNING * * *
The centaur warrior barely misses you.
Okay, then.
Casting: Searing Ray (safe; 0% risk of failure)
Confirm with . or Enter, or press ? or * to list all spells.
Aiming: Fulminant Prism (safe; 1% risk of failure)
Press: ? - help, Dir - move target, p - centaur warrior You feel a surge of power!
You conjure a prism of explosive energy!
A fulminant prism comes into view.
The centaur warrior hits you!
You die...

... #... ..# #..#
?.# #..# ..# #..#
..# #..# ..#
#..######..##
#####....*.c....#
#......#####@..?#
##......# #....#
.....c..# #....#
........# #....#
.......c#####....#
...........##....#
...###+###.......#
... #.......# ..
#.......#


You could see a centaur warrior (ally target) and a friendly fulminant prism.

Vanquished Creatures
  A two-headed ogre (D:9)
  Pikel (D:8)
  Joseph (D:7)
  Maggie (D:6)
  3 trolls
  Prince Ribbit (D:6)
  2 wyverns
  2 wraiths
  9 yaks
  A steam dragon (D:7)
  Edmund (D:4)
  An acid dragon (D:9)
  2 water moccasins (D:6)
  An orc warrior (D:10)
  A black bear (D:7)
  2 wolves (D:10)
  An ogre (D:5)
  3 lemures (D:8)
  A phantom (D:5)
  A kobold brigand (D:7)
  4 bullfrogs
  2 scorpions (D:5)
  A necrophage (D:5)
  5 wights (D:9)
  6 killer bees (D:9)
  A howler monkey (D:3)
  4 hounds
  2 jellies
  Crazy Yiuf (D:5)
  An orc priest (D:10)
  A gnoll bouda (D:6)
  Jessica (D:3)
  2 iguanas
  7 orc wizards
  9 adders
  6 gnolls
  An ufetubus (D:6)
  3 worms
  4 dart slugs
  35 orcs
  9 bats
  12 endoplasms
  9 goblins
  4 hobgoblins
  2 jackals (D:4)
  5 quokkas
  3 ball pythons
  2 frilled lizards (D:1)
  19 kobolds
  4 rats
201 creatures vanquished.

Vanquished Creatures (others)
  An adder (D:6)
  47 fulminant prisms
48 creatures vanquished.

Grand Total: 249 creatures vanquished

Notes
Turn   | Place    | Note
-------+----------+-------------------------------------------
     0 | D:1      | Psyclone the Deep Elf Conjurer began the quest for the Orb.
     0 | D:1      | Reached XP level 1. HP: 10/10 MP: 6/6
   366 | D:1      | Reached XP level 2. HP: 15/15 MP: 4/8
   651 | D:1      | Found a faded altar of an unknown god.
  1048 | D:2      | Learned a level 2 spell: Searing Ray
  1125 | D:2      | Identified the +0 pair of boots of Deim {Will+}
  1391 | D:2      | Reached skill level 4 in Spellcasting
  1460 | D:2      | Identified the +1 robe of Hairiness {rPois Will++ Int+4
                  | Archmagi}
  1498 | D:2      | Reached skill level 5 in Conjurations
  1498 | D:2      | Reached XP level 3. HP: 19/19 MP: 6/10
  2444 | D:3      | Noticed Jessica
  2449 | D:3      | Killed Jessica
  2450 | D:3      | Reached skill level 5 in Spellcasting
  2450 | D:3      | Reached XP level 4. HP: 24/24 MP: 8/13
  2731 | D:3      | Reached XP level 5. HP: 28/28 MP: 9/14
  2946 | D:3      | Reached skill level 6 in Spellcasting
  3358 | D:4      | Found a glowing drain.
  3401 | Sewer    | Entered a sewer
  3793 | D:4      | Noticed Edmund
  3802 | D:4      | Learned a level 4 spell: Fulminant Prism
  4350 | D:4      | Found Wumosch's Assorted Antiques.
  4438 | D:4      | Reached XP level 6. HP: 32/32 MP: 13/17
  4589 | D:4      | Found an iron altar of Okawaru.
  4959 | D:4      | Killed Edmund
  5194 | D:5      | Entered Level 5 of the Dungeon
  5261 | D:5      | Reached XP level 7. HP: 23/36 MP: 1/19
  5278 | D:5      | Reached skill level 7 in Spellcasting
  5450 | D:5      | Found a staircase to the Ecumenical Temple.
  5458 | Temple   | Entered the Ecumenical Temple
  5648 | Temple   | Became a worshipper of Ashenzari the Shackled
  6078 | D:5      | Found a runed translucent door.
  6079 | D:5      | Noticed Crazy Yiuf
  6087 | D:5      | Killed Crazy Yiuf
  6088 | D:5      | Reached skill level 8 in Spellcasting
  6522 | D:6      | Reached XP level 8. HP: 28/41 MP: 4/22
  6725 | D:6      | Noticed Prince Ribbit
  6738 | D:6      | Killed Prince Ribbit
  6739 | D:6      | Reached skill level 9 in Spellcasting
  6857 | D:6      | Reached skill level 10 in Spellcasting
  6868 | D:6      | Reached XP level 9. HP: 40/45 MP: 1/25
  7253 | D:6      | Reached skill level 11 in Spellcasting
  7253 | D:6      | Reached skill level 10 in Conjurations
  7289 | D:6      | Noticed Maggie
  7405 | D:6      | Identified the +2 falchion of Change {holy, +Blink}
  7468 | D:6      | Killed Maggie
  7979 | D:7      | Noticed Joseph
  7985 | D:7      | Killed Joseph
  7986 | D:7      | Reached skill level 12 in Spellcasting
  9134 | D:8      | Noticed Pikel
  9146 | D:8      | Killed Pikel
  9147 | D:8      | Reached skill level 13 in Spellcasting
  9422 | D:9      | Noticed a troll
  9428 | D:9      | Killed a troll
  9429 | D:9      | Reached XP level 10. HP: 50/50 MP: 21/29
 10211 | D:9      | Reached skill level 14 in Spellcasting
 11014 | D:10     | Entered Level 10 of the Dungeon
 11014 | D:10     | Noticed a two-headed ogre
 11022 | D:9      | HP: 1/50 [two-headed ogre/+0 giant club (18)]
 11022 | D:9      | Killed a two-headed ogre
 11331 | D:10     | Reached skill level 15 in Spellcasting
 11958 | D:10     | Noticed a centaur warrior
 11976 | D:10     | HP: 1/50 [centaur warrior/arrow (16)]
 11989 | D:10     | Slain by a centaur warrior

Illustrated notes

Levels and vault maps discovered:
D:1:      lemuel_arrival_behind_the_door_large, layout_basic,
          chequers_ecumenical_altar_simple
D:2:      layout_loops_ring, minivault_26, minmay_box_of_dots
D:3:      layout_basic, supply_closet_lemuel, uniq_jessica
D:4:      layout_cave_pods, lemuel_tele_altar, cheibrodos_sewer_entry_bend,
          serial_shops, nicolae_diamond_shop, uniq_edmund
D:5:      layout_loops_cross, minmay_temple_entry_trees, uniq_crazy_yiuf_cottage
D:6:      layout_cave_pools, feat_on_display, uniq_prince_ribbit1, uniq_maggie
D:7:      layout_gridville, uniq_joseph
D:8:      layout_gridville, uniq_pikel
D:9:      layout_grid_maze, hangedman_abyss_or_decor_stabs
D:10:     layout_irregular_city, lemuel_doored_altar, erik_lair_island,
          hiddenorc1_lemuel, minmay_misc_feat_rows, grunt_ministairs_13,
          lemuel_flamethrower_hall, uniq_lodul
Temple:   nicolae_temple_slightly_damp_pantheon

Skill      XL: |  1  2  3  4  5  6  7  8  9 10 |
---------------+-------------------------------+-----
Spellcasting   | 4 5 6 8 10 13 15 | 15.2
Conjurations   | 5 6 8 9 11 13 | 13.3
Hexes          | 4 |  4.0
Dodging        | |  2.4
Stealth        | |  2.4

Action                   |  1- 3 |  4- 6 |  7- 9 | 10-12 || total
-------------------------+-------+-------+-------+-------++-------
Melee: Dagger            |       |    11 |    18 |       ||    29
       Falchion          |       |       |     2 |    18 ||    20
 Cast: Magic Dart        |    68 |    50 |    59 |    20 ||   197
       Searing Ray       |     6 |    19 |    24 |    14 ||    63
       Fulminant Prism   |       |     6 |    20 |    22 ||    48
Invok: Curse Item        |       |       |     1 |       ||     1
  Use: Potion            |       |     8 |       |     3 ||    11
       Scroll            |       |    10 |     4 |     2 ||    16
Armor: Robe              |     2 |     3 |     8 |    18 ||    31
Dodge: Dodged            |     5 |    16 |    31 |    69 ||   121
